Construct Section Command Post
Construct Platoon Command Post
Selects Air and Sea Battlegroup
Selects Commando Section Paradrop
Selects Commando Support Section Paradrop
Commando Support Section Paradrop
6-pounder Anti-tank Gun Team
Construct Company Command Post
Unlock M3 Grant Medium Tanks
Selects Anti-tank Rocket Loiter
Unlock Bishop Self-propelled Artillery
Selects Anti-tank Rocket Loiter
Bishop Self-propelled Artillery
Selects Anti-tank Rocket Loiter
Selects Naval Bombardment
Unlock Towed 17-pounder Anti-tank Guns
Commando Section Paradrop
Bishop Self-propelled Artillery
17-pounder Anti-tank Gun Team
17-pounder Anti-tank Gun Team